 Dungeon Crawl Stone Soup version 0.23.2-1-ga50397a (webtiles) character file.

Game seed: 9767634101701475996

34078 Borgoz the Cruncher (level 13, -1/84 HPs)
             Began as a Gargoyle Gladiator on May 15, 2019.
             Was an Elder of Ashenzari.
             Slain by a 12-headed hydra (4 damage)
             ... on level 14 of the Dungeon.
             The game lasted 00:32:09 (16259 turns).

Borgoz the Cruncher (Gargoyle Gladiator)           Turns: 16259, Time: 00:32:09

Health: -1/84      AC: 20    Str: 20    XL:     13   Next: 75%
Magic:  18/18      EV: 18    Int: 11    God:    Ashenzari [****..]
Gold:   904        SH:  0    Dex: 17    Spells: 12/12 levels left

rFire    + + .     SeeInvis +   b - +7 lajatang of Order {silver, rMut} (curse)
rCold    . . .     Gourm    .   (shield currently unavailable)
rNeg     + . .     Faith    .   z - +0 troll leather armour
rPois    ∞         Spirit   .   q - +0 helmet of the Vanishing Suns {rF++ Regen+ Dex+2} (curse)
rElec    +         Reflect  .   k - +0 cloak
rCorr    .         Harm     .   (no gloves)
rMut     +         Clarity  +   x - +0 pair of boots
MR       +....                  h - amulet of rage (curse)
Stlth    +++.......             m - +3 ring of strength
HPRegen  1.04/turn              c - ring of protection from magic
MPRegen  0.16/turn

@: no status effects
A: negative energy resistance 1, electricity resistance, unbreathing,
petrification resistance, rot immunity, AC +9
a: Curse Item, Scrying, Renounce Religion, Evoke Berserk Rage


You were on level 14 of the Dungeon.
You worshipped Ashenzari.
Ashenzari was greatly pleased with you.
You were not hungry.

You visited 3 branches of the dungeon, and saw 18 of its levels.
You also visited: Ice Cave.

You collected 950 gold pieces.
You spent 46 gold pieces at shops.

Inventory:

Hand Weapons
 a - a +0 quarterstaff
 b - the cursed +7 lajatang of Order (weapon) {silver, rMut}
   (You acquired it on level 11 of the Dungeon)

   It protects you from mutation.
   It has a curse placed upon it.
Armour
 j - a +1 plate armour
 k - a +0 cloak (worn)
 q - the cursed +0 helmet of the Vanishing Suns (worn) {rF++ Regen+ Dex+2}
   (You found it on level 5 of the Dungeon)

   It affects your dexterity (+2).
   It greatly protects you from fire.
   It increases your rate of regeneration.
   It has a curse placed upon it.
 x - a +0 pair of boots (worn)
 z - a +0 troll leather armour (worn)
 B - a +3 chain mail of cold resistance
Jewellery
 c - a ring of protection from magic (right hand)
 e - an uncursed ring of flight
 h - a cursed amulet of rage (around neck)
 l - an uncursed ring of positive energy
 m - a +3 ring of strength (left hand)
Wands
 r - a wand of iceblast (1)
 t - a wand of scattershot (8)
 u - a wand of enslavement (9)
 v - a wand of clouds (1)
 D - a wand of random effects (16)
 E - a wand of disintegration (18)
Scrolls
 d - 2 scrolls of magic mapping
 i - 5 scrolls of teleportation
 n - 6 scrolls of identify
 o - 15 scrolls of remove curse
 y - a scroll of enchant armour
 A - a scroll of enchant weapon {unknown}
Potions
 p - 2 potions of brilliance
 s - a potion of curing
 C - a potion of might
Comestibles
 f - 40 rations
 w - 7 chunks of flesh


   Skills:
 * Level 11.3 Fighting
 + Level 11.4(15.6) Staves
 - Level 5.0 Throwing
 * Level 11.1 Armour
 * Level 9.1 Dodging
 - Level 5.0 Stealth
 + Level 7.2 Evocations


You had 12 spell levels left.
You didn't know any spells.
Your spell library contained the following spells:

 Spells                   Type           Power        Failure   Level  Hunger
 Magic Dart               Conj           #...         36%         1    ##.....
 Blink                    Tloc           N/A          52%         2    ###....
 Call Imp                 Summ           #.......     52%         2    ###....
 Slow                     Hex            #.......     52%         2    ###....
 Call Canine Familiar     Summ           #.......     75%         3    ####...
 Conjure Flame            Conj/Fire      #.......     75%         3    ####...
 Mephitic Cloud           Conj/Pois/Air  #.......     75%         3    ####...
 Ozocubu's Armour         Chrm/Ice       #.......     75%         3    ####...
 Excruciating Wounds      Chrm/Necr      #.........   100%        5    ######.


Dungeon Overview and Level Annotations

Branches:
Dungeon (14/15)            Temple (1/1) D:6            Lair (3/6) D:8
    Orc (0/2) D:11
  Swamp: Lair:2-4    Shoals: Lair:2-4     Snake: Lair:2-4    Spider: Lair:2-4
 Vaults: D:13-14

Altars:
Ashenzari
Cheibriados
Dithmenos
Elyvilon
Fedhas
Gozag
Hepliaklqana
Kikubaaqudgha
Makhleb
Nemelex Xobeh
Okawaru
Qazlal
Ru
Sif Muna
Trog
Uskayaw
Vehumet
Wu Jian
Xom
Yredelemnul
Zin
The Shining One

Shops:
D:5 :   D:10 ?   D:12 *

Annotations:
D:11 3 runed translucent doors, XPEneeg3's ghost, journeyman HOFi
Lair:1 exclusion: oklob plant


Innate Abilities, Weirdness & Mutations

You are resistant to torment.
Your stone body is resilient. (AC +9)
You are immune to poison.
You resist negative energy. (rN+)
You are resistant to electric shocks. (rElec)
You can survive without breathing.
You are immune to petrification.
You are immune to rotting.


Message History

The 11-headed hydra completely misses you.
The 11-headed hydra bites you but does no damage.
You lop one of the 11-headed hydra's heads off!
The ten-headed hydra grows two more!
You slice the 12-headed hydra!!
The 12-headed hydra is almost dead.
The 12-headed hydra misses you. The 12-headed hydra closely misses you.
The 12-headed hydra bites you.
* * * LOW HITPOINT WARNING * * *
The 12-headed hydra bites you!
* * * LOW HITPOINT WARNING * * *
The 12-headed hydra bites you.
* * * LOW HITPOINT WARNING * * *
The 12-headed hydra bites you.
* * * LOW HITPOINT WARNING * * *
The 12-headed hydra bites you but does no damage.
The 12-headed hydra barely misses you.
The 12-headed hydra completely misses you.
The 12-headed hydra bites you but does no damage.
The 12-headed hydra bites you.
You die...

Ko.K.........##.#.########
.u....... .........$.#
#O#g.#.#########..##.#
#### {{OZ..K..#
##....>#*∆###### ##...
#.#..#.##. #......#*,
#...# #.... #.#..#{*{*
####...##.##...# #....
.##..#
,*,,#...WuY...##...###....
. #..# {
#####D######.....#....
###..#* ** * #@#
#........'.### ##...###.*
,* #.# #.####...###
.........# #.# #.# #...#
##########.#####.# #.#
#...#
#....##...#.....###.#
#####
##.##.#..............#
...##.######.#########
.####....# #.# .# ####.#
#)#


You could see a 12-headed hydra, a purple ugly thing, a hungry ghost and a sky
beast.

Vanquished Creatures
  Josephine (D:11)
  Harold (D:11)
  4 hydras
  3 centaur warriors
  2 two-headed ogres
  A tengu warrior (D:13)
  Urug (Lair:1)
  Nergalle (D:11)
  A necromancer (IceCv)
  3 ugly things
  2 oklob plants (Lair:1)
  A cyclops (D:12)
  2 manticores
  Maurice (D:11)
  3 ice statues (IceCv)
  2 spiny frogs
  A gargoyle (D:12)
  3 yaktaurs (D:13)
  2 rime drakes
  6 ice devils (IceCv)
  2 komodo dragons (Lair:1)
  6 trolls
  Grinder (D:4)
  2 slime creatures (D:13)
  5 hippogriffs
  2 dream sheep (D:9)
  A shadow (D:13)
  Sigmund (D:6)
  3 wraiths (D:11)
  11 yaks
  2 basilisks
  4 vampire mosquitoes
  7 water moccasins
  2 orc warriors
  11 ice beasts
  2 porcupines (Lair:1)
  4 sky beasts
  Duvessa (D:5)
  2 black bears
  7 necrophages
  3 ogres
  4 wolves
  10 centaurs
  4 crocodiles
  10 bullfrogs
  3 big kobolds (D:9)
  2 wyvern zombies
  Dowan (D:5)
  5 scorpions
  11 killer bees
  3 wights (D:8)
  A howler monkey (D:13)
  5 electric eels (D:11)
  8 crimson imps
  2 centaur zombies
  9 hounds
  A jelly (D:8)
  6 orc priests
  A bullfrog skeleton (D:13)
  6 iguanas
  8 orc wizards
  A spriggan simulacrum (IceCv)
  9 worker ants
  4 troll simulacra (IceCv)
  2 killer bee zombies
  3 centaur simulacra
  A hound skeleton (D:5)
  A howler monkey zombie (D:5)
  5 gnolls
  14 adders
  An ogre simulacrum (IceCv)
  2 naga simulacra (IceCv)
  7 shadow imps
  2 adder skeletons
  3 adder zombies
  4 worms
  4 dart slugs
  6 leopard geckos
  33 orcs
  3 ball pythons
  7 giant cockroaches
  9 goblins
  5 hobgoblins
  12 jackals
  7 quokkas
  5 bats
  8 frilled lizards
  A giant cockroach zombie (D:6)
  A goblin skeleton (D:6)
  3 hobgoblin zombies (D:6)
  A jackal skeleton (D:5)
  A jackal zombie (D:5)
  7 kobolds
  3 kobold zombies (D:6)
  A leopard gecko zombie (D:6)
  2 orc zombies (D:6)
  10 rats
  A butterfly (D:9)
  2 plants
411 creatures vanquished.

Vanquished Creatures (others)
  A centaur (D:13)
  An orc priest (D:11)
  A quokka (D:3)
  A fungus (Lair:3)
  3 plants (D:11)
7 creatures vanquished.

Grand Total: 418 creatures vanquished

Notes
Turn   | Place    | Note
-------+----------+-------------------------------------------
     0 | D:1      | Borgoz the Gargoyle Gladiator began the quest for the Orb.
     0 | D:1      | Reached XP level 1. HP: 12/12 MP: 1/1
    17 | D:1      | Reached XP level 2. HP: 5/18 MP: 2/2
   525 | D:1      | Reached skill level 1 in Armour
   529 | D:1      | Reached XP level 3. HP: 20/22 MP: 3/3
  1047 | D:2      | Reached skill level 1 in Stealth
  1047 | D:2      | Reached XP level 4. HP: 27/27 MP: 4/4
  1496 | D:2      | Reached XP level 5. HP: 27/32 MP: 5/5
  2007 | D:3      | Found a white marble altar of Elyvilon.
  2514 | D:4      | Noticed Grinder
  2543 | D:4      | Paralysed by Grinder for 7 turns
  2556 | D:4      | Killed Grinder
  2556 | D:4      | Reached XP level 6. HP: 9/38 MP: 6/6
  2900 | D:4      | Identified Osisus's Almanac of Assistive Calling
  2916 | D:4      | Reached XP level 7. HP: 42/42 MP: 7/7
  2918 | D:4      | Reached skill level 1 in Evocations
  3468 | D:5      | Entered Level 5 of the Dungeon
  3483 | D:5      | Noticed Duvessa
  3484 | D:5      | Noticed Dowan
  3497 | D:5      | Killed Duvessa
  3520 | D:5      | Killed Dowan
  3618 | D:5      | Found Efeecuply's Book Shoppe.
  3815 | D:5      | Reached XP level 8. HP: 46/48 MP: 9/9
  3862 | D:5      | Reached skill level 5 in Staves
  3878 | D:5      | Got a scorched helmet
  3889 | D:5      | Identified the +0 helmet of the Vanishing Suns {rF++ Regen+
                  | Dex+2} (You found it on level 5 of the Dungeon)
  4126 | D:5      | Found a shattered altar of Ashenzari.
  4200 | D:5      | Found a sacrificial altar of Ru.
  4408 | D:5      | Became a worshipper of Ashenzari the Shackled
  4422 | D:6      | Found a basalt altar of Yredelemnul.
  4607 | D:6      | Reached skill level 5 in Fighting
  4688 | D:7      | HP: 1/49 [orc priest/divine providence (16)]
  4913 | D:6      | Found a hazy altar of Hepliaklqana.
  4943 | D:6      | Noticed Sigmund
  4944 | D:6      | Found a glowing golden altar of the Shining One.
  5013 | D:6      | Killed Sigmund
  5137 | D:6      | Reached skill level 5 in Armour
  5140 | D:6      | Identified a scroll of acquirement
  5141 | D:6      | Got the cursed quick blade "Jurgh" {venom, rElec Int+5}
  5237 | D:7      | Reached XP level 9. HP: 47/54 MP: 10/10
  5544 | D:6      | Found a staircase to the Ecumenical Temple.
  5560 | Temple   | Entered the Ecumenical Temple
  5804 | D:7      | Identified the cursed +3 quick blade "Jurgh" {venom, rElec
                  | Int+5} (You acquired it on level 6 of the Dungeon)
  5926 | D:7      | Reached skill level 5 in Dodging
  6470 | D:8      | Found a staircase to the Lair.
  6574 | D:8      | Reached * piety under Ashenzari
  6820 | D:8      | Noticed a two-headed ogre
  6837 | D:8      | Killed a two-headed ogre
  6837 | D:8      | Reached XP level 10. HP: 28/61 MP: 12/12
  7044 | D:8      | Found a sparkling altar of Nemelex Xobeh.
  7109 | D:8      | Found a burning altar of Makhleb.
  7116 | D:8      | Found a shadowy altar of Dithmenos.
  7117 | D:8      | Found a blossoming altar of Fedhas.
  7123 | D:8      | Found a snail-covered altar of Cheibriados.
  7124 | D:8      | Found a bloodstained altar of Trog.
  7318 | D:9      | Found a glowing golden altar of the Shining One.
  7536 | D:9      | Found an iron altar of Okawaru.
  7643 | D:9      | Found a shimmering altar of Xom.
  7743 | D:9      | Reached skill level 5 in Stealth
  8014 | D:9      | Noticed a three-headed hydra
  8024 | D:9      | Killed a three-headed hydra
  8527 | D:10     | Entered Level 10 of the Dungeon
  8735 | D:10     | Reached ** piety under Ashenzari
  8964 | D:10     | Found Luho Yfacepn's Magic Scroll Boutique.
  8972 | D:10     | Bought a scroll of identify for 22 gold pieces
  9597 | Lair:1   | Entered Level 1 of the Lair of Beasts
  9668 | Lair:1   | Identified the ring of the Lonely Realms {*Drain +Inv rF++
                  | MP+9 Str+4}
  9681 | Lair:1   | Reached XP level 11. HP: 47/68 MP: 14/14
 10005 | Lair:1   | Noticed Urug
 10019 | Lair:1   | Killed Urug
 10151 | Lair:1   | Noticed a four-headed hydra
 10187 | Lair:1   | Reached skill level 5 in Throwing
 10200 | Lair:1   | Killed a four-headed hydra
 10478 | Lair:1   | Noticed an oklob plant
 10478 | Lair:1   | Noticed an oklob plant
 10478 | Lair:1   | Noticed an oklob plant
 10490 | Lair:1   | Killed an oklob plant
 10490 | Lair:1   | Killed an oklob plant
 10819 | Lair:2   | Reached *** piety under Ashenzari
 10821 | Lair:2   | Found a dark tunnel.
 11563 | Lair:3   | Noticed a catoblepas
 11680 | Lair:3   | Noticed a six-headed hydra
 11709 | Lair:2   | Killed a six-headed hydra
 11915 | Lair:3   | Reached skill level 5 in Evocations
 12235 | D:11     | Reached XP level 12. HP: 76/76 MP: 15/15
 12254 | D:11     | Noticed Maurice
 12273 | D:11     | Killed Maurice
 12395 | D:11     | Noticed XPEneeg3's ghost (journeyman HOFi)
 12401 | D:11     | Found a runed translucent gate.
 12417 | D:11     | Found a runed translucent gate.
 12418 | D:11     | Found a runed translucent gate.
 12427 | D:11     | Noticed Josephine
 12455 | D:11     | Noticed Harold
 12469 | D:11     | Killed Josephine
 12622 | D:11     | Noticed an eight-headed hydra
 12637 | D:11     | Killed an eight-headed hydra
 12643 | D:11     | Killed Harold
 12843 | D:11     | Noticed Nergalle
 12873 | D:11     | Killed Nergalle
 12873 | D:11     | Reached skill level 10 in Staves
 12937 | D:11     | Found a staircase to the Orcish Mines.
 13380 | D:11     | Found the cursed +7 lajatang of Order {silver, rMut}
 13438 | D:12     | Found Ciefyar's General Store.
 13445 | D:12     | Reached skill level 10 in Fighting
 13480 | D:12     | Bought a scroll of identify for 24 gold pieces
 13576 | D:12     | Reached skill level 10 in Armour
 13835 | D:12     | Reached **** piety under Ashenzari
 13847 | D:12     | Reached XP level 13. HP: 37/83 MP: 17/17
 14200 | D:13     | Found a frozen archway.
 14236 | IceCv    | Entered an ice cave
 15164 | D:13     | Found a shimmering altar of Xom.
 16162 | D:14     | Noticed an ogre mage
 16259 | D:14     | HP: 3/84 [12-headed hydra (3)]
 16259 | D:14     | Slain by a 12-headed hydra

Skill      XL: |  1  2  3  4  5  6  7  8  9 10 11 12 13 |
---------------+----------------------------------------+-----
Armour         | 1 2 3 5 6 7 9 10 11 | 11.1
Throwing       | 2 3 4 5 |  5.0
Stealth        | 1 2 3 4 5 |  5.0
Fighting       | 3 4 5 6 8 9 10 11 | 11.3
Dodging        | 3 4 5 6 7 8 9 |  9.1
Staves         | 4 5 6 7 9 10 11 | 11.4
Evocations     | 1 2 3 4 5 6 7 |  7.2

Action                   |  1- 3 |  4- 6 |  7- 9 | 10-12 | 13-15 || total
-------------------------+-------+-------+-------+-------+-------++-------
Melee: Quarterstaff      |   105 |   202 |   682 |   826 |       ||  1815
       Lajatang          |       |       |       |   108 |   275 ||   383
Throw: Throwing net      |     1 |       |     2 |       |       ||     3
Invok: Curse Item        |       |       |     2 |       |       ||     2
 Abil: Evoke Berserk Rag |       |     2 |     1 |     1 |       ||     4
Evoke: Wand              |       |       |       |    21 |       ||    21
  Use: Scroll            |       |     8 |     5 |    10 |     4 ||    27
       Potion            |       |     1 |     2 |    16 |     4 ||    23
 Stab: Held in net/web   |     1 |       |     1 |       |       ||     2
       Sleeping          |       |     1 |       |       |     4 ||     5
       Confused          |       |       |       |     2 |       ||     2
  Eat: Chunk             |     1 |     7 |    12 |    25 |     4 ||    49
       Ration            |       |       |     1 |       |     1 ||     2
Armor: Leather armour    |    40 |       |       |       |       ||    40
       Ring mail         |    23 |    39 |       |       |       ||    62
       Scale mail        |       |    63 |     1 |       |       ||    64
       Plate armour      |       |       |   551 |   710 |    79 ||  1340
       Troll leather arm |       |       |       |       |    83 ||    83
Dodge: Dodged            |    90 |   121 |   272 |   457 |   193 ||  1133
